General information
- name: BNet
- type: Ladder team game (AT/RT)
- host: Battle.net
- saver: BEAR_AND
map: Highperch
- players: 6
- length: 19:13
- speed: Fast
- version: 1.21 W3XP
- replay type:

» download(93 KB)
Players
team 1 (loser)
elephant. (
yellow | 56 APM | 944 actions | 16:57)
2 Demon Hunter
1 Mana Burn
1 Evasion
» actions
| Basic commands | 14 | |
| Build / train | 63 | |
| Enter build submenu | 29 | |
| Enter hero's abilities submenu | 2 | |
| Right click | 496 | |
| Select / deselect | 277 | |
| Use ability | 63 | |
944 total
» units
| Wisp | 38 | |
| Archer | 13 | |
| Glaive Thrower | 4 | |
55 total
» buildings
| Altar of Elders | 1 | |
| Moon Well | 4 | |
| Ancient of War | 1 | |
| Hunter's Hall | 1 | |
| Ancient Protector | 16 | |
| Tree of Ages | 1 | |
| Ancient of Lore | 2 | |
| Tree of Eternity | 1 | |
27 total
» build order
00:18 Altar of Elders
00:25 Moon Well
00:48 Ancient of War
01:38 Moon Well
02:30 Hunter's Hall
03:48 Moon Well
04:01 Ancient Protector
04:20 Ancient Protector
04:31 Ancient Protector
06:04 Ancient Protector
06:06 Ancient Protector
06:10 Ancient Protector
06:25 Ancient Protector
06:30 Ancient Protector
06:41 Ancient Protector
08:35 Ancient Protector
08:47 Ancient Protector
08:51 Tree of Ages
09:17 Moon Well
10:19 Ancient Protector
10:22 Ancient Protector
10:26 Ancient Protector
10:30 Ancient Protector
11:12 Ancient Protector
13:05 Ancient of Lore
14:33 Ancient of Lore
14:45 Tree of Eternity
» items
| Scroll of Healing | 1 | |
| Scroll of Protection | 1 | |
| Periapt of Vitality | 1 | |
3 total
Fiery_WA (
blue | 23 APM | 450 actions | 19:11)
3 Blademaster
1 Wind Walk
1 Mirror Image
1 Critical Strike
1 Far Seer
1 Feral Spirit
» actions
| Basic commands | 14 | |
| Build / train | 48 | |
| ESC pressed | 1 | |
| Enter build submenu | 15 | |
| Enter hero's abilities submenu | 5 | |
| Right click | 209 | |
| Select / deselect | 128 | |
| Use ability | 30 | |
450 total
» units
| Peon | 10 | |
| Grunt | 4 | |
| Demolisher | 7 | |
| Tauren | 4 | |
| Troll Headhunter/Berserker | 5 | |
| Troll Witch Doctor | 4 | |
34 total
» upgrades
| Spiked Barricades | 1 | |
| Burning Oil | 1 | |
| Pulverize | 1 | |
| Witch Doctor Training | 2 | |
5 total
» buildings
| Altar of Storms | 1 | |
| Orc Burrow | 6 | |
| Barracks | 1 | |
| War Mill | 1 | |
| Voodoo Lounge | 1 | |
| Stronghold | 1 | |
| Watch Tower | 2 | |
| Fortress | 1 | |
| Tauren Totem | 2 | |
| Spirit Lodge | 1 | |
17 total
» build order
00:25 Altar of Storms
00:31 Orc Burrow
01:29 Barracks
01:36 War Mill
02:48 Voodoo Lounge
03:36 Stronghold
04:18 Watch Tower
04:43 Orc Burrow
06:09 Fortress
06:38 Watch Tower
06:54 Orc Burrow
08:10 Orc Burrow
10:25 Tauren Totem
11:37 Tauren Totem
13:19 Spirit Lodge
14:53 Orc Burrow
16:50 Orc Burrow
» items
GhenGine (
orange | 20 APM | 352 actions | 17:14)
2 Archmage
1 Blizzard
1 Summon Water Elemental
» actions
| Assign group hotkey | 3 | |
| Build / train | 35 | |
| Enter build submenu | 12 | |
| Enter hero's abilities submenu | 2 | |
| Remove unit from queue | 2 | |
| Right click | 144 | |
| Select / deselect | 118 | |
| Select group hotkey | 6 | |
| Use ability | 30 | |
352 total
» units
» upgrades
» buildings
| Farm | 3 | |
| Altar of Kings | 1 | |
| Lumber Mill | 1 | |
| Scout Tower | 2 | |
| Guard Tower | 1 | |
| Arcane Tower | 1 | |
| Keep | 1 | |
| Arcane Vault | 1 | |
| Blacksmith | 2 | |
| Workshop | 1 | |
14 total
» build order
00:11 Farm
00:20 Altar of Kings
01:09 Lumber Mill
01:46 Scout Tower
02:04 Scout Tower
02:28 Guard Tower
03:12 Arcane Tower
03:20 Farm
04:10 Farm
04:29 Keep
09:49 Arcane Vault
11:12 Blacksmith
11:16 Blacksmith
12:19 Workshop
» items
| Potion of Healing | 1 | |
| Potion of Mana | 1 | |
2 total
team 2 (winner)
BEAR_AND (
red | 63 APM | 1215 actions | 19:13)
5 Blademaster
3 Wind Walk
2 Critical Strike
» actions
| Assign group hotkey | 3 | |
| Basic commands | 3 | |
| Build / train | 45 | |
| Enter build submenu | 29 | |
| Enter hero's abilities submenu | 5 | |
| Give item / drop item | 1 | |
| Remove unit from queue | 1 | |
| Right click | 654 | |
| Select / deselect | 187 | |
| Select group hotkey | 222 | |
| Use ability | 65 | |
1215 total
» units
» upgrades
| Liquid Fire | 1 | |
| Ranged Weapons | 3 | |
4 total
» buildings
| War Mill | 1 | |
| Altar of Storms | 1 | |
| Orc Burrow | 4 | |
| Watch Tower | 14 | |
| Stronghold | 1 | |
| Voodoo Lounge | 1 | |
| Beastiary | 2 | |
| Fortress | 1 | |
| Great Hall | 1 | |
| Tauren Totem | 6 | |
32 total
» build order
00:06 War Mill
00:09 Altar of Storms
00:20 Orc Burrow
01:58 Watch Tower
02:10 Watch Tower
02:40 Watch Tower
03:43 Stronghold
03:48 Voodoo Lounge
03:54 Orc Burrow
04:32 Watch Tower
04:38 Watch Tower
05:03 Watch Tower
05:35 Watch Tower
06:03 Orc Burrow
06:19 Beastiary
07:04 Beastiary
07:10 Watch Tower
07:24 Fortress
07:51 Watch Tower
07:51 Watch Tower
07:53 Watch Tower
08:23 Watch Tower
09:16 Watch Tower
09:17 Watch Tower
10:52 Orc Burrow
13:52 Great Hall
18:54 Tauren Totem
18:54 Tauren Totem
18:54 Tauren Totem
18:54 Tauren Totem
» items
| Healing Salve | 2 | |
| Lesser Clarity Potion | 5 | |
| Orb of Lightning | 1 | |
8 total
DIRTMCGIRT (
teal | 56 APM | 1069 actions | 19:12)
5 Blademaster
3 Wind Walk
2 Critical Strike
» actions
| Assign group hotkey | 1 | |
| Build / train | 52 | |
| Enter build submenu | 18 | |
| Enter hero's abilities submenu | 5 | |
| Give item / drop item | 2 | |
| Remove unit from queue | 1 | |
| Right click | 610 | |
| Select / deselect | 267 | |
| Select group hotkey | 48 | |
| Use ability | 65 | |
1069 total
» units
» upgrades
| Ranged Weapons | 3 | |
| Liquid Fire | 1 | |
4 total
» buildings
| Altar of Storms | 1 | |
| Orc Burrow | 4 | |
| War Mill | 1 | |
| Watch Tower | 12 | |
| Stronghold | 1 | |
| Voodoo Lounge | 1 | |
| Beastiary | 2 | |
| Fortress | 1 | |
| Barracks | 1 | |
24 total
» build order
00:09 Altar of Storms
00:16 Orc Burrow
00:23 War Mill
02:02 Watch Tower
02:28 Watch Tower
03:21 Watch Tower
03:33 Watch Tower
03:40 Stronghold
04:07 Voodoo Lounge
04:41 Watch Tower
04:41 Watch Tower
05:28 Orc Burrow
05:29 Orc Burrow
05:30 Orc Burrow
05:44 Watch Tower
05:45 Watch Tower
06:21 Beastiary
07:13 Watch Tower
07:13 Watch Tower
07:14 Watch Tower
08:13 Beastiary
09:49 Watch Tower
10:07 Fortress
16:57 Barracks
» items
| Healing Salve | 2 | |
| Lesser Clarity Potion | 2 | |
| Potion of Healing | 1 | |
| Scroll of Town Portal | 2 | |
| Potion of Mana | 3 | |
| Orb of Lightning | 1 | |
| Staff of Teleportation | 1 | |
| Boots of Speed | 1 | |
13 total
MercyfulFate (
green | 60 APM | 1151 actions | 19:12)
4 Archmage
2 Blizzard
2 Brilliance Aura
3 Blood Mage
2 Flame Strike
1 Siphon Mana
» actions
| Assign group hotkey | 4 | |
| Basic commands | 18 | |
| Build / train | 54 | |
| ESC pressed | 1 | |
| Enter build submenu | 23 | |
| Enter hero's abilities submenu | 7 | |
| Give item / drop item | 2 | |
| Remove unit from queue | 1 | |
| Right click | 628 | |
| Select / deselect | 158 | |
| Select group hotkey | 171 | |
| Use ability | 84 | |
1151 total
» units
» upgrades
| Lumber Harvesting | 1 | |
| Masonry | 1 | |
| Magic Sentry | 1 | |
| Fragmentation Shards | 1 | |
| Flare | 1 | |
| Gunpowder | 1 | |
| Armor | 1 | |
7 total
» buildings
| Altar of Kings | 1 | |
| Farm | 9 | |
| Lumber Mill | 2 | |
| Scout Tower | 19 | |
| Guard Tower | 11 | |
| Keep | 1 | |
| Blacksmith | 1 | |
| Arcane Sanctum | 1 | |
| Workshop | 2 | |
| Castle | 1 | |
| Town Hall | 1 | |
49 total
» build order
00:07 Altar of Kings
00:09 Farm
00:15 Lumber Mill
00:46 Farm
01:36 Scout Tower
01:38 Scout Tower
02:05 Scout Tower
02:14 Scout Tower
02:16 Scout Tower
02:17 Scout Tower
02:34 Guard Tower
03:00 Scout Tower
03:02 Scout Tower
03:22 Guard Tower
03:25 Scout Tower
03:26 Scout Tower
03:28 Keep
03:49 Guard Tower
03:55 Scout Tower
03:56 Scout Tower
03:57 Scout Tower
04:05 Guard Tower
04:29 Scout Tower
04:30 Scout Tower
04:31 Guard Tower
04:52 Scout Tower
04:53 Scout Tower
04:54 Guard Tower
04:57 Guard Tower
05:12 Guard Tower
05:24 Guard Tower
05:31 Scout Tower
05:32 Scout Tower
05:57 Guard Tower
06:14 Lumber Mill
06:18 Guard Tower
07:07 Blacksmith
07:13 Arcane Sanctum
07:38 Farm
08:19 Workshop
08:21 Workshop
09:24 Castle
10:34 Farm
10:34 Farm
10:35 Farm
10:36 Farm
10:37 Farm
10:38 Farm
12:56 Town Hall
» items
| Healing Salve | 2 | |
| Lesser Clarity Potion | 1 | |
3 total
Chat log
(00:04 / All) DIRTMCGIRT: im so high and i was like
(00:04 / All) DIRTMCGIRT: u there
(00:05 / All) MercyfulFate: his connection is too stoned
(16:26 / All) BEAR_AND: well
(16:26 / All) BEAR_AND: gg
(16:29 / All) BEAR_AND: ..........................
(16:30 / All) BEAR_AND: again
(16:34 / All) DIRTMCGIRT: lol
(16:34 / All) GhenGine: no boring again
(16:40 / All) MercyfulFate: it was boring
(16:42 / All) MercyfulFate: get better
(16:45 / Allies) BEAR_AND: yea i guess losing is boring
(16:52 / All) BEAR_AND: yeah i guess losing is boring
(17:03 / All) BEAR_AND: ok mom
(17:05 / All) BEAR_AND: u die now.
(17:23 / All) BEAR_AND: mom
(17:24 / All) BEAR_AND: leave
(17:28 / All) BEAR_AND: im getting dressed
(17:30 / All) BEAR_AND: go away
(18:21 / All) MercyfulFate: u can still win
(19:09 / All) BEAR_AND: mom